 Dungeon Crawl Stone Soup version 0.21.1-1-g345015f (webtiles) character file.

1631 tidbits the Charmwright (level 8, 64/64 HPs)
             Began as a Gnoll Skald on June 20, 2018.
             Quit the game on level 6 of the Dungeon.
             The game lasted 00:13:17 (1343 turns).

tidbits the Charmwright (Gnoll Skald)               Turns: 1343, Time: 00:13:17

Health: 64/64      AC:  6    Str: 14    XL:     8   Next: 98%
Magic:  17/17      EV: 15    Int: 17    God:
Gold:   105        SH:  6    Dex: 15    Spells: 8/19 levels left

rFire    . . .     SeeInvis .   s - +2 flail (protect)
rCold    . . .     Gourm    .   D - +1 buckler
rNeg     + . .     Faith    +   B - +0 leather armour
rPois    .         Spirit   .   (no helmet)
rElec    .         Reflect  .   C - scarf {repulsion}
rCorr    .         Harm     .   y - +0 pair of gloves
MR       .....                  F - +0 pair of boots
Stlth    ++........             h - amulet of faith
HPRegen  0.20/turn              l - ring of wizardry
MPRegen  0.15/turn              i - ring of positive energy

@: repel missiles
A: distributed training, fangs 1, strong nose
a: no special abilities


You were on level 6 of the Dungeon.
You were hungry.

You visited 2 branches of the dungeon, and saw 7 of its levels.

You collected 105 gold pieces.

Inventory:

Hand Weapons
 a - a +0 hand axe
 b - a +0 spear of venom
   (You took it off a gnoll on level 5 of the Dungeon)
 e - a +2 scythe of protection
   (You took it off Sigmund on level 5 of the Dungeon)
 f - a +0 dagger
 r - a +0 trident
 s - a +2 flail of protection (weapon)
   (You took it off Edmund on level 5 of the Dungeon)
Missiles
 w - 18 arrows
Armour
 y - a +0 pair of gloves (worn)
 B - a +0 leather armour (worn)
 C - a scarf of repulsion (worn)
   (You found it on level 1 of the Dungeon)
 D - a +1 buckler (worn)
 F - a +0 pair of boots (worn)
Jewellery
 h - an amulet of faith (around neck)
   (You found it on level 2 of the Dungeon)
 i - a ring of positive energy (right hand)
   (You found it on level 5 of the Dungeon)
 l - a ring of wizardry (left hand)
   (You found it on level 2 of the Dungeon)
Wands
 j - a wand of iceblast (5)
 n - a wand of paralysis (7)
 x - a wand of digging (9)
Scrolls
 g - a scroll of random uselessness
 p - a scroll of amnesia
 u - a scroll of remove curse
Potions
 k - a potion of flight {unknown}
 m - a potion of magic
 o - a potion of mutation {unknown}
 t - a potion of brilliance
 v - a potion of heal wounds
Books
 d - a book of Battle

   Spells                             Type                      Level
   a - Infusion                       Charms                       1
   b - Shroud of Golubria             Charms/Translocation         2
   c - Song of Slaying                Charms                       2
   d - Spectral Weapon                Hexes/Charms                 3
   e - Regeneration                   Charms/Necromancy            3
 q - a book of Callings
   (You found it on level 3 of the Dungeon)

   Spells                             Type                      Level
   a - Summon Small Mammal            Summoning                    1
   b - Call Imp                       Summoning                    2
   c - Call Canine Familiar           Summoning                    3
   d - Summon Guardian Golem          Hexes/Summoning              3
   e - Summon Lightning Spire         Summoning/Air                4
   f - Summon Ice Beast               Ice/Summoning                4
Comestibles
 c - 10 rations


   Skills:
 + Level 5.9 Fighting
 + Level 3.6 Short Blades
 + Level 3.6 Long Blades
 + Level 5.9 Axes
 + Level 3.6 Maces & Flails
 + Level 3.6 Polearms
 + Level 3.6 Staves
 + Level 3.6 Slings
 + Level 3.6 Bows
 + Level 3.6 Crossbows
 + Level 3.6 Throwing
 + Level 4.5 Armour
 + Level 5.9 Dodging
 + Level 3.6 Stealth
 + Level 3.6 Shields
 + Level 3.6 Unarmed Combat
 + Level 6.2 Spellcasting
 + Level 3.0 Conjurations
 + Level 3.0 Hexes
 + Level 6.3 Charms
 + Level 3.0 Summonings
 + Level 3.0 Necromancy
 + Level 3.0 Translocations
 + Level 3.0 Transmutations
 + Level 3.0 Fire Magic
 + Level 3.0 Ice Magic
 + Level 3.0 Air Magic
 + Level 3.0 Earth Magic
 + Level 3.0 Poison Magic
 + Level 4.0 Invocations
 + Level 3.6 Evocations


You had 8 spell levels left.
You knew the following spells:

 Your Spells              Type           Power        Failure   Level  Hunger
g - Shroud of Golubria    Chrm/Tloc      ###.......   1%          2    None
i - Infusion              Chrm           ####         1%          1    None
r - Regeneration          Chrm/Necr      ###.......   2%          3    ##.....
w - Spectral Weapon       Hex/Chrm       ###.....     2%          3    ##.....
y - Song of Slaying       Chrm           ####....     1%          2    None


Dungeon Overview and Level Annotations

Branches:
Dungeon (6/15)             Temple (1/1) D:5

Altars:
Ashenzari
Dithmenos
Elyvilon
Fedhas
Gozag
Hepliaklqana
Kikubaaqudgha
Makhleb
Nemelex Xobeh
Okawaru
Qazlal
Ru
Sif Muna
Vehumet
Wu Jian
Xom
Yredelemnul
Zin
The Shining One


Innate Abilities, Weirdness & Mutations

Your experience applies equally to all skills.
You have very sharp teeth.
Your uncanny sense of smell can sniff out nearby items.


Message History

You draw out your weapon's spirit!
You are feeling hungry.
You sock the orc wizard!
Your weapon exudes an aura of protection.
The orc wizard is heavily wounded.
Your spectral weapon completely misses the orc wizard.
You block the orc wizard's attack.
You thump the orc wizard!
You kill the orc wizard!
You hear a bark!
You hear a bark!
The hobgoblin barely misses you.
You sock the hobgoblin!
You kill the hobgoblin!
A jackal comes into view.
Your shield prevents you from hitting the jackal.
Your bite misses the jackal.
You hear a bark!
Your spectral weapon completely misses the jackal.
The jackal closely misses you. You block the jackal's attack.
You hit the jackal but do no damage.
Your spectral weapon hits the jackal.
The jackal barely misses you.
You closely miss the jackal.
The jackal is lightly wounded.
Your spectral weapon closely misses the jackal.
The jackal closely misses you.
You sock the jackal!
You kill the jackal!
You hit the ogre.
The ogre is lightly wounded.
Your spectral weapon hits the ogre!
The ogre hits you with a giant club.
You sock the ogre!
The ogre is severely wounded.
Your spectral weapon hits the ogre!
You kill the ogre!
The hound barely misses you.
A hound comes into view.
You barely miss the hound.
Your spectral weapon hits the hound!
The hound misses you. x2
You sock the hound!
You kill the hound!
Your spectral weapon fades away.
There is an open door, spattered with blood here.
Items here: ))) [ ††† A giant cockroach comes into view.
The helpless giant cockroach fails to defend itself.
You thump the giant cockroach!
Your weapon exudes an aura of protection.
You kill the giant cockroach!
You see here a giant cockroach corpse.
You open the door.
Your song is almost over.
Found a ration.
There is an open door here.
You see here a ration.
c - 10 rations (gained 1)
Your song has ended.
There is an open door here.
There is an open door here.
You open the door.
A black bear comes into view.
Found a pair of gloves.
Found 16 stones.
There is an open door here.
Casting: Spectral Weapon
Confirm with . or Enter, or press ? or * to list all spells.
You draw out your weapon's spirit!
The black bear growls angrily.
You sock the black bear!
Your weapon exudes an aura of protection.
The black bear is heavily wounded.
Your spectral weapon hits the black bear!
The black bear goes berserk!
The black bear barely misses your spectral weapon.
The black bear claws your spectral weapon but does no damage. x2
You catch the helpless black bear completely off-guard!
You thump the black bear!
You kill the black bear!
Your Conjurations skill increases to level 3!
Your Hexes skill increases to level 3!
Your Summonings skill increases to level 3!
Your Necromancy skill increases to level 3!
Your Translocations skill increases to level 3!
Your Transmutations skill increases to level 3!
Your Fire Magic skill increases to level 3!
Your Ice Magic skill increases to level 3!
Your Air Magic skill increases to level 3!
Your Earth Magic skill increases to level 3!
Your Poison Magic skill increases to level 3!
Your Invocations skill increases to level 4!
You see here a pair of gloves.
y - a pair of gloves Wear which item? (? for menu, Esc to quit)
You start putting on your armour.
You continue putting on your pair of gloves. x3
Your spectral weapon fades away.
You continue putting on your pair of gloves.
You finish putting on your +0 pair of gloves.
Magic restored.
Okay, then.
Are you sure you want to abandon this character and quit the game? (Confirm with "yes".)

#
#....#.......#..#
#..#.#...#...#..##
#..#.#...#...#..(#
#....'#######'.#.#
....#......#
#....#.#
###.#.######
###..#.# # #.
##.##.# .. #..##.#
.# #@###.# #.
#..#..# ##...##
#####


There were no monsters in sight!

Vanquished Creatures
  Sigmund (D:5)
  Edmund (D:5)
  A sky beast (D:5)
  A black bear (D:6)
  2 phantoms (D:6)
  The ghost of Aliochah the Charlatan, an amateur DrAr (D:3)
  A centaur (D:6)
  3 ogres
  A bullfrog (D:6)
  A bullfrog zombie (D:6)
  A crimson imp (D:5)
  2 hounds (D:6)
  3 orc priests
  3 orc wizards
  2 worker ants
  2 worker ant zombies (D:5)
  3 gnolls (D:5)
  5 adders
  2 shadow imps (D:5)
  2 adder skeletons
  2 dart slugs (D:2)
  A leopard gecko (D:5)
  16 orcs
  2 ball pythons (D:3)
  3 bats
  4 giant cockroaches
  3 goblins
  4 hobgoblins
  3 jackals
  A kobold (D:2)
  A frilled lizard (D:5)
78 creatures vanquished.

Vanquished Creatures (others)
  11 fungi (D:4)
  A spectral weapon (D:6)
12 creatures vanquished.

Grand Total: 90 creatures vanquished

Notes
Turn   | Place    | Note
-------+----------+-------------------------------------------
     0 | D:1      | tidbits the Gnoll Skald began the quest for the Orb.
     0 | D:1      | Reached XP level 1. HP: 20/20 MP: 6/6
    33 | D:1      | Reached XP level 2. HP: 26/26 MP: 0/7
    39 | D:1      | Learned a level 2 spell: Song of Slaying
    42 | D:1      | Learned a level 2 spell: Shroud of Golubria
   156 | D:2      | Reached XP level 3. HP: 23/31 MP: 2/9
   159 | D:2      | Reached skill level 5 in Spellcasting
   186 | D:2      | Learned a level 3 spell: Regeneration
   191 | D:2      | Learned a level 3 spell: Spectral Weapon
   199 | D:2      | Reached skill level 1 in Invocations
   242 | D:3      | Noticed Aliochah's ghost (amateur DrAr)
   254 | D:3      | Killed Aliochah's ghost
   254 | D:3      | Reached skill level 1 in Short Blades
   254 | D:3      | Reached skill level 1 in Long Blades
   254 | D:3      | Reached skill level 1 in Maces & Flails
   254 | D:3      | Reached skill level 1 in Polearms
   254 | D:3      | Reached skill level 1 in Staves
   254 | D:3      | Reached skill level 1 in Slings
   254 | D:3      | Reached skill level 1 in Bows
   254 | D:3      | Reached skill level 1 in Crossbows
   254 | D:3      | Reached skill level 1 in Throwing
   254 | D:3      | Reached skill level 1 in Stealth
   254 | D:3      | Reached skill level 1 in Shields
   254 | D:3      | Reached skill level 1 in Unarmed Combat
   254 | D:3      | Reached skill level 1 in Conjurations
   254 | D:3      | Reached skill level 1 in Hexes
   254 | D:3      | Reached skill level 1 in Summonings
   254 | D:3      | Reached skill level 1 in Necromancy
   254 | D:3      | Reached skill level 1 in Translocations
   254 | D:3      | Reached skill level 1 in Transmutations
   254 | D:3      | Reached skill level 1 in Fire Magic
   254 | D:3      | Reached skill level 1 in Ice Magic
   254 | D:3      | Reached skill level 1 in Air Magic
   254 | D:3      | Reached skill level 1 in Earth Magic
   254 | D:3      | Reached skill level 1 in Poison Magic
   254 | D:3      | Reached skill level 1 in Evocations
   254 | D:3      | Reached XP level 4. HP: 36/38 MP: 0/11
   254 | D:3      | Reached XP level 5. HP: 41/43 MP: 0/12
   391 | D:4      | Reached skill level 3 in Armour
   504 | D:5      | Entered Level 5 of the Dungeon
   510 | D:5      | Reached XP level 6. HP: 28/50 MP: 1/13
   513 | D:5      | Reached skill level 2 in Invocations
   521 | D:5      | Reached skill level 5 in Fighting
   521 | D:5      | Reached skill level 5 in Axes
   521 | D:5      | Reached skill level 5 in Dodging
   522 | D:5      | Reached skill level 2 in Short Blades
   522 | D:5      | Reached skill level 2 in Long Blades
   522 | D:5      | Reached skill level 2 in Maces & Flails
   522 | D:5      | Reached skill level 2 in Polearms
   522 | D:5      | Reached skill level 2 in Staves
   522 | D:5      | Reached skill level 2 in Slings
   522 | D:5      | Reached skill level 2 in Bows
   522 | D:5      | Reached skill level 2 in Crossbows
   522 | D:5      | Reached skill level 2 in Throwing
   522 | D:5      | Reached skill level 2 in Stealth
   522 | D:5      | Reached skill level 2 in Shields
   522 | D:5      | Reached skill level 2 in Unarmed Combat
   522 | D:5      | Reached skill level 2 in Evocations
   543 | D:5      | Noticed a phantom
   591 | D:5      | Found a staircase to the Ecumenical Temple.
   599 | Temple   | Entered the Ecumenical Temple
   762 | D:5      | Noticed Sigmund
   783 | D:5      | Killed Sigmund
   783 | D:5      | Reached XP level 7. HP: 55/56 MP: 12/15
   910 | D:5      | Reached skill level 2 in Conjurations
   910 | D:5      | Reached skill level 2 in Hexes
   910 | D:5      | Reached skill level 2 in Summonings
   910 | D:5      | Reached skill level 2 in Necromancy
   910 | D:5      | Reached skill level 2 in Translocations
   910 | D:5      | Reached skill level 2 in Transmutations
   910 | D:5      | Reached skill level 2 in Fire Magic
   910 | D:5      | Reached skill level 2 in Ice Magic
   910 | D:5      | Reached skill level 2 in Air Magic
   910 | D:5      | Reached skill level 2 in Earth Magic
   910 | D:5      | Reached skill level 2 in Poison Magic
   970 | D:5      | Noticed Edmund
   989 | D:5      | Killed Edmund
   989 | D:5      | Reached skill level 3 in Invocations
  1075 | D:6      | Found a sacrificial altar of Ru.
  1110 | D:6      | Reached skill level 6 in Charms
  1110 | D:6      | Reached XP level 8. HP: 44/63 MP: 13/16
  1144 | D:5      | Reached skill level 3 in Short Blades
  1144 | D:5      | Reached skill level 3 in Long Blades
  1144 | D:5      | Reached skill level 3 in Maces & Flails
  1144 | D:5      | Reached skill level 3 in Polearms
  1144 | D:5      | Reached skill level 3 in Staves
  1144 | D:5      | Reached skill level 3 in Slings
  1144 | D:5      | Reached skill level 3 in Bows
  1144 | D:5      | Reached skill level 3 in Crossbows
  1144 | D:5      | Reached skill level 3 in Throwing
  1144 | D:5      | Reached skill level 4 in Armour
  1144 | D:5      | Reached skill level 3 in Stealth
  1144 | D:5      | Reached skill level 3 in Shields
  1144 | D:5      | Reached skill level 3 in Unarmed Combat
  1144 | D:5      | Reached skill level 3 in Evocations
  1169 | D:6      | Reached skill level 6 in Spellcasting
  1267 | D:6      | Found a sacrificial altar of Ru.
  1319 | D:6      | Reached skill level 3 in Conjurations
  1319 | D:6      | Reached skill level 3 in Hexes
  1319 | D:6      | Reached skill level 3 in Summonings
  1319 | D:6      | Reached skill level 3 in Necromancy
  1319 | D:6      | Reached skill level 3 in Translocations
  1319 | D:6      | Reached skill level 3 in Transmutations
  1319 | D:6      | Reached skill level 3 in Fire Magic
  1319 | D:6      | Reached skill level 3 in Ice Magic
  1319 | D:6      | Reached skill level 3 in Air Magic
  1319 | D:6      | Reached skill level 3 in Earth Magic
  1319 | D:6      | Reached skill level 3 in Poison Magic
  1319 | D:6      | Reached skill level 4 in Invocations
  1343 | D:6      | Quit the game

Skill      XL: |  1  2  3  4  5  6  7  8 |
---------------+-------------------------+-----
Spellcasting   | 5 6 |  6.2
Invocations    | 1 2 3 4 |  4.0
Short Blades   | 1 2 3 |  3.6
Long Blades    | 1 2 3 |  3.6
Maces & Flails | 1 2 3 |  3.6
Polearms       | 1 2 3 |  3.6
Staves         | 1 2 3 |  3.6
Slings         | 1 2 3 |  3.6
Bows           | 1 2 3 |  3.6
Crossbows      | 1 2 3 |  3.6
Throwing       | 1 2 3 |  3.6
Stealth        | 1 2 3 |  3.6
Shields        | 1 2 3 |  3.6
Unarmed Combat | 1 2 3 |  3.6
Conjurations   | 1 2 3 |  3.0
Hexes          | 1 2 3 |  3.0
Summonings     | 1 2 3 |  3.0
Necromancy     | 1 2 3 |  3.0
Translocations | 1 2 3 |  3.0
Transmutations | 1 2 3 |  3.0
Fire Magic     | 1 2 3 |  3.0
Ice Magic      | 1 2 3 |  3.0
Air Magic      | 1 2 3 |  3.0
Earth Magic    | 1 2 3 |  3.0
Poison Magic   | 1 2 3 |  3.0
Evocations     | 1 2 3 |  3.6
Armour         | 3 4 |  4.5
Fighting       | 5 |  5.9
Axes           | 5 |  5.9
Dodging        | 5 |  5.9
Charms         | 6 |  6.3

Action                   |  1- 3 |  4- 6 |  7- 9 || total
-------------------------+-------+-------+-------++-------
Melee: Hand axe          |    49 |    60 |       ||   109
       Bite              |     5 |     7 |     7 ||    19
       Unarmed           |       |    10 |       ||    10
       Spear             |       |       |    31 ||    31
       Flail             |       |       |    59 ||    59
 Cast: Infusion          |     6 |       |       ||     6
       Spectral Weapon   |     2 |     8 |    13 ||    23
       Regeneration      |     1 |     1 |       ||     2
       Shroud of Golubri |     1 |       |     2 ||     3
       Song of Slaying   |       |     2 |     1 ||     3
  Use: Potion            |     1 |     5 |       ||     6
       Scroll            |       |       |     6 ||     6
 Stab: Sleeping          |     2 |       |     1 ||     3
       Distracted        |       |     2 |     1 ||     3
       Paralysed         |       |       |     1 ||     1
  Eat: Chunk             |       |       |     3 ||     3
Armor: Leather armour    |     6 |     9 |     5 ||    20
       Skin              |       |     2 |       ||     2
Dodge: Dodged            |    33 |    56 |    39 ||   128
       Deflected         |     1 |     1 |       ||     2
Block: Buckler           |       |     9 |    14 ||    23

Table legend:
 A = Turns spent in this place as a percentage of turns spent in the entire game.
 B = Non-inter-level travel turns spent in this place as a percentage of non-inter-level travel turns spent in the entire game.
 C = Inter-level travel turns spent in this place as a percentage of turns spent in this place.
 D = Turns resting spent in this place as a percentage of non-inter-level travel turns spent in this place.
 E = Turns spent auto-exploring this place as a percentage of non-inter-level travel turns spent in this place.
 F = Non-inter-level travel turns spent in this place divided by the number of levels of this place that you've seen.
                   A       B       C       D       E      F
               +-------+-------+-------+-------+-------+----------------------
         Total | 100.0 | 100.0 |   1.2 |   0.0 |   0.0 | 189.6
       Dungeon |  89.5 |  90.6 |   0.0 |   0.0 |   0.0 | 200.3
        Temple |  10.5 |   9.4 |  11.3 |   0.0 |   0.0 | 125.0
               +-------+-------+-------+-------+-------+----------------------

Table legend:
 A = Kills in this place as a percentage of kills in entire the game.
 B = Kills by you in this place as a percentage of kills by you in the entire game.
 C = Kills by friends in this place as a percentage of kills by friends in the entire game.
 D = Other kills in this place as a percentage of other kills in the entire game.
 E = Experience gained in this place as a percentage of experience gained in the entire game.
 F = Experience gained in this place divided by the number of levels of this place that you have seen.
                   A       B       C       D       E      F
               +-------+-------+-------+-------+-------+----------------------
         Total | 100.0 | 100.0 |   N/A |   N/A | 100.0 | 333.0
       Dungeon | 100.0 | 100.0 |   N/A |   N/A | 100.0 | 388.5
               +-------+-------+-------+-------+-------+----------------------

Vault maps used:
D:1:      scummos_arrival_forest
D:2:      minmay_heptomino_d4
D:3:      cheibrodos_sewer_entry_bend
D:4:      old_forge, serial_shops, nicolae_shop_behind_doors, uniq_blork_the_orc
D:5:      minmay_temple_entry_glassed_door, first_ration, minivault_19,
          uniq_sigmund, uniq_edmund
D:6:      nicolae_ru_great_annihilating_truth, basic_altar, nrook_uturn,
          minmay_misc_feat_tower
Temple:   dpeg_five_rooms_temple
